 Dungeon Crawl Stone Soup version 0.29.1-15-g9cfb28693d (webtiles) character file.

Game seed: 15292177838140776113

7 Goblin1989 the Sneak (level 1, 0/18 HPs)
             Began as a Demonspawn Delver on Mar 7, 2023.
             Slain by a jackal (2 damage)
             ... on level 4 of the Dungeon.
             The game lasted 00:03:07 (392 turns).

Goblin1989 the Sneak (Demonspawn Delver)             Turns: 392, Time: 00:03:08

Health: 0/18       AC:  3    Str: 12    XL:     1   Next: 91%
Magic:  1/1        EV: 11    Int: 11    God:
Gold:   0          SH:  0    Dex: 14    Spells: 0/0 levels left

rFire   . . .      SeeInvis .   a - +0 short sword
rCold   . . .      Faith    .   (no shield)
rNeg    . . .      Spirit   .   b - +0 leather armour
rPois   .          Reflect  .   (no helmet)
rElec   .          Harm     .   (no cloak)
rCorr   .          Rampage  .   (no gloves)
Will    .....                   (no boots)
Stlth   +++.......              (no amulet)
HPRegen 0.06/turn               (no ring)
MPRegen 0.07/turn               (no ring)

@: no status effects
A: no striking features
a: no special abilities


You were on level 4 of the Dungeon.
You visited 1 branch of the dungeon, and saw 3 of its levels.

Inventory:

Hand Weapons
 a - a +0 short sword (weapon)
Armour
 b - a +0 leather armour (worn)
Jewellery
 i - a ring of resist corrosion
Wands
 g - a wand of digging (3) {@v3}
Scrolls
 c - a scroll of fog
 d - a scroll of magic mapping
 e - a scroll of fear
 j - a scroll of identify {unknown}
Potions
 f - a potion of haste {@q3,}
 h - a potion of curing {unknown}


   Skills:
 - Level 3.0 Fighting
 - Level 1.7 Short Blades
 - Level 1.7 Dodging
 + Level 4.9 Stealth


You couldn't memorise any spells.
You didn't know any spells.
Your spell library was empty.

Dungeon Overview and Level Annotations

Branches:
Dungeon (5/15) Zot: 17604
 Temple: D:4-7

Altars:
Ru


Message History

You closely miss the kobold.
The kobold is severely wounded.
The kobold hits you with a +0 short sword.
You take 4 damage, and have 14/18 hp.
MASSIVE DAMAGE!!
You hit the kobold.
You kill the kobold!
No target in view!
You start resting.
HP restored.
Health restored: 18 You climb upwards.
The jackal barks!
The jackal misses you. The jackal closely misses you.
The frilled lizard bites you but does no damage.
There is a stone staircase leading down here.
The jackal barely misses you. The frilled lizard misses you.
The jackal barely misses you.
You climb downwards.
There is a stone staircase leading up, spattered with blood here.
Unknown command.
You barely miss the frilled lizard. The jackal closely misses you.
The frilled lizard closely misses you.
You miss the frilled lizard. The jackal bites you.
The frilled lizard bites you but does no damage.
The jackal bites you but does no damage.
You take 1 damage, and have 17/18 hp.
You hit the frilled lizard.
You kill the frilled lizard!
The jackal closely misses you.
You barely miss the jackal.
The jackal bites you but does no damage.
You hit the jackal.
The jackal is heavily wounded.
The jackal bites you. The jackal barely misses you.
You take 1 damage, and have 16/18 hp.
You closely miss the jackal.
The jackal is heavily wounded.
The jackal misses you.
You closely miss the jackal.
The jackal is heavily wounded.
The jackal barely misses you. The jackal closely misses you.
You closely miss the jackal.
The jackal is heavily wounded.
The jackal bites you but does no damage.
You hit the jackal.
You kill the jackal!
No target in view!
No target in view!
No target in view!
No target in view!
No target in view!
No target in view!
No target in view!
No target in view!
No target in view!
No target in view!
No target in view!
No target in view!
No target in view!
No target in view!
You start resting.
HP restored.
Health restored: 18 You climb upwards.
The worm closely misses you. The jackal bites you.
There is a stone staircase leading down here.
You take 1 damage, and have 17/18 hp.
Unknown command.
You hit the worm but do no damage. The jackal closely misses you.
The worm bites you! The jackal misses you.
You take 7 damage, and have 10/18 hp.
MASSIVE DAMAGE!!
The jackal bites you but does no damage.
You climb downwards.
There is a stone staircase leading up, spattered with blood here.
You hit the worm.
The worm is lightly wounded.
The jackal bites you but does no damage.
The worm barely misses you.
You barely miss the worm.
The jackal bites you but does no damage. x2
The worm bites you.
* * * LOW HITPOINT WARNING * * *
You take 6 damage, and have 4/18 hp.
MASSIVE DAMAGE!!
You hit the worm.
The worm is moderately wounded.
The jackal closely misses you.
You barely miss the worm.
The worm is moderately wounded.
The jackal bites you.
* * * LOW HITPOINT WARNING * * *
The worm bites you.
* * * LOW HITPOINT WARNING * * *
The jackal barely misses you.
You take 2 damage, and have 2/18 hp.
You hit the worm.
The worm is moderately wounded.
The jackal barely misses you.
You barely miss the worm.
The worm is moderately wounded.
The jackal bites you.
You die... ...█.████ .█.█ █ ... .█.█ █.█ .█.█ █.█ ...█ █.█ █∆███▲█ █.█ █..†..█ █.█ █.███.█ █ █h█ █.....███.█ █@█ ▲..⌂..∆.█.█ █w█

█.....█...█
███.█
█.███.█.███
█...█ .
█.....█.█
█.███ ██.
█▲███▲█.█
█.█ ....
█.█ █...█
█.█ ...█
..█ ███.█
█.█ █.. .█
█.█ █.█
..█..


You could see a worm and a jackal.

Vanquished Creatures
  A ball python (D:4)
  A hobgoblin (D:4)
  A jackal (D:4)
  A kobold (D:4)
  A quokka (D:5)
  A frilled lizard (D:4)
6 creatures vanquished.

Notes
Turn   | Place    | Note
-------+----------+-------------------------------------------
     0 | D:5      | Goblin1989 the Demonspawn Delver began the quest for the
                  | Orb.
     0 | D:5      | Reached XP level 1. HP: 18/18 MP: 1/1
     9 | D:5      | Noticed an iguana
    29 | D:4      | Noticed a howler monkey
    79 | D:5      | Noticed a necrophage
    94 | D:4      | Noticed a howler monkey
    94 | D:4      | Noticed an ogre
   103 | D:4      | Found a sacrificial altar of Ru.
   392 | D:4      | Slain by a jackal

Illustrated notes

Levels and vault maps discovered:
D:3:      layout_basic, lemuel_tele_altar, zin_purify
D:4:      layout_loops_ring, mainiacjoe_overflow_six_doors_small,
          nicolae_vehumet_radiance, kennysheep_minor_cross, serial_bayou_pond_b,
          grunt_ministairs_1
D:5:      layout_loops_cross, kennysheep_little_box,
          mainiacjoe_overflow_24_doors, mainiacjoe_overflow_boulevard

Action                   || total
-------------------------++-------
Melee: Short sword       ||    33
Armor: Leather armour    ||    12
Dodge: Dodged            ||    31
